 Dungeon Crawl Stone Soup version 0.19.4-8-ga85b6b9 (webtiles) character file.

12 Kosschaser the Sneak (level 2, 0/22 HPs)
             Began as a Vine Stalker Assassin on Feb 11, 2017.
             Succumbed to an adder's poison
             ... on level 1 of the Dungeon.
             The game lasted 00:04:11 (726 turns).

Kosschaser the Sneak (Vine Stalker Assassin)         Turns: 726, Time: 00:04:11

Health: 0/22       AC:  5    Str: 18    XL:     2   Next: 33%
Magic:  0/3        EV: 12    Int: 11    God:
Gold:   36         SH:  0    Dex: 15    Spells: 0 memorised, 1 level left

rFire  . . .     SeeInvis .     a - +2 dagger
rCold  . . .     Gourm    .     c - +0 robe
rNeg   . . .     Faith    .     (no shield)
rPois  .         Spirit   +     j - +1 helmet
rElec  .         Reflect  .     d - +0 cloak
rCorr  .         Harm     .     (no gloves)
MR     .....                    (no boots)
Stlth  ..........               (no amulet)
                                (no ring)
                                (no ring)

@: berserking, lethally poisoned (0 -> -8), very quick
A: fangs 2, magic shield, antimagic bite, no device heal 3, rot immunity
a: no special abilities


You were on level 1 of the Dungeon.
You were not hungry.

You visited 1 branch of the dungeon, and saw 2 of its levels.

You collected 36 gold pieces.

Inventory:

Hand Weapons
 a - a +2 dagger (weapon)
 b - a +0 blowgun
Missiles
 e - 8 poisoned needles
 f - 2 curare-tipped needles
Armour
 c - a +0 robe (worn)
 d - a +0 cloak (worn)
 j - a +1 helmet (worn)
Scrolls
 h - a scroll of teleportation {unknown}
 i - a scroll of immolation {unknown}
 l - a scroll of fear {unknown}
Potions
 n - a potion of haste {unknown}
 o - a potion of cure mutation {unknown}
Comestibles
 g - a bread ration
 m - a beef jerky


   Skills:
 + Level 1.7 Fighting
 + Level 2.0 Short Blades
 + Level 1.9 Throwing
 + Level 1.0 Dodging
 + Level 5.2 Stealth


You had one spell level left.
You didn't know any spells.

Dungeon Overview and Level Annotations

Branches:
Dungeon (2/15)

Altars:

Annotations:
D:2 Jessica


Innate Abilities, Weirdness & Mutations

You have extremely sharp teeth.
When hurt, damage is shared between your health and your magic reserves.
Your bite disrupts and absorbs the magic of your enemies.
Potions and wands cannot restore your health.
You are immune to rotting.


Message History

You barely miss the adder. Your bite misses the adder.
You feel sick. The adder bites you.
* * * LOW HITPOINT WARNING * * *
The adder closely misses you.
You miss the adder. Your bite misses the adder.
The adder bites you but does no damage.
You hit the adder. Your bite misses the adder.
The adder is heavily wounded.
The adder closely misses you.
You barely miss the adder. Your bite misses the adder.
The adder is heavily wounded.
* * * LOW HITPOINT WARNING * * *
You feel sick. The adder bites you.
* * * LOW HITPOINT WARNING * * *
You are more poisoned.
The adder poisons you!
It was a potion of berserk rage.
A red film seems to cover your vision as you go berserk!
You feel yourself moving faster!
You feel mighty!
You die...

###.# ########### ###.#
#.........# ..#.# #.#######.#
#.#.# #.# #.# #.#.# #.#######.#
#.#.# #########.#........ #.#.#
#.........###.####.
..#.###########S........# #......
#.............#.@.......# ######.
#.............#...>.....# #.....
#.............#.........# #.####
#..)..........#.........# #.# #
#.............#.........####.# #
#.............#.)............####
#.............#................##
#.............#.#######........##
#.............#.# #........##


You could see an adder.

Vanquished Creatures
  A dart slug (D:1)
  A giant cockroach (D:1)
  A goblin (D:1)
  3 hobgoblins (D:1)
  A kobold (D:1)
  2 rats (D:1)
9 creatures vanquished.

Notes
Turn   | Place    | Note
-------+----------+-------------------------------------------
     0 | D:1      | Kosschaser the Vine Stalker Assassin began the quest for the Orb.
     0 | D:1      | Reached XP level 1. HP: 11/11 MP: 2/2
    34 | D:1      | Reached skill level 5 in Stealth
   213 | D:1      | Reached skill level 1 in Dodging
   322 | D:1      | Reached XP level 2. HP: 10/15 MP: 3/3
   708 | D:2      | Noticed Jessica
   726 | D:1      | Succumbed to an adder's poison

Skill      XL: |  1  2 |
---------------+-------+-----
Stealth        | 5 |  5.2
Dodging        | 1 |  1.0
Short Blades   | 2 |  2.0
Fighting       | |  1.7
Throwing       | |  1.9

Action                   || total
-------------------------++-------
Melee: Dagger            ||    31
       Bite              ||     7
  Use: Potion            ||     1
 Stab: Sleeping          ||     2
Armor: Robe              ||     7
Dodge: Dodged            ||    11
